 Dungeon Crawl Stone Soup version 0.31-a0-819-gf6de2f5ab6 (webtiles) character file.

Game seed: 16965124145500243562

140 Kurtz the Chopper (level 5, -9/36 HPs)
             Began as an Octopode Fighter on Sept 25, 2023.
             Killed by divine providence
             ... invoked by an orc priest
              (12 damage)
             ... on level 4 of the Dungeon.
             The game lasted 00:01:36 (2111 turns).

Kurtz the Chopper (Octopode Fighter)                Turns: 2111, Time: 00:01:37

Health: -9/36      AC:  1    Str: 14    XL:     5   Next: 23%
Magic:  5/5        EV: 14    Int:  9    God:
Gold:   140        SH:  9    Dex: 18    Spells: 4/4 levels left

rFire   . . .        a - +0 war axe
rCold   x . .        b - +0 buckler
rNeg    . . .        (helmet restricted)
rPois   .            (no amulet)
rElec   .            (no ring)
rCorr   .            (no ring)
SInv    +            (no ring)
Will    .....        (no ring)
Stlth   +++          (no ring)
HPRegen 0.26/turn    (no ring)
MPRegen 0.09/turn    (no ring)
                     (no ring)

%: no passive effects
@: no status effects
A: almost no armour, amphibious, 8 rings, camouflage 1, gelatinous body 1,
(nimble swimmer 1), tentacles, large bone plates 1, see invisible, agile 1, cold
vulnerability 1
a: no special abilities


You were on level 4 of the Dungeon.
You visited 1 branch of the dungeon, and saw 4 of its levels.

You collected 140 gold pieces.

Inventory:

Hand Weapons
 a - a +0 war axe (weapon)
Missiles
 q - 3 poisoned darts
Armour
 b - a +0 buckler (worn)
Jewellery
 e - a ring of fire
Scrolls
 d - a scroll of acquirement {unknown}
 f - 2 scrolls of butterflies {unknown}
 i - 6 scrolls of identify {unknown}
 j - a scroll of immolation {unknown}
 l - 2 scrolls of torment {unknown}
 n - a scroll of revelation {unknown}
Potions
 c - a potion of might
 g - a potion of mutation
 k - a potion of lignification {unknown}
 m - 2 potions of enlightenment {unknown}
 o - a potion of ambrosia {unknown}
 p - a potion of heal wounds {unknown}


   Skills:
 - Level 3.0 Fighting
 * Level 5.2 Axes
 - Level 3.0 Dodging
 - Level 3.0 Shields


You had 4 spell levels left.
You didn't know any spells.
Your spell library was empty.

Dungeon Overview and Level Annotations

Branches:
Dungeon (4/15)
 Temple: D:4-7

Altars:


Innate Abilities, Weirdness & Mutations

You cannot wear most types of armour.
You are amphibious.
You can wear up to eight rings at the same time.
Your skin changes colour to match your surroundings (Stealth+).
Your rubbery body absorbs attacks. (AC +1, EV +1)
((You are camouflaged when in or above water. (Stealth+)))
You have tentacles for arms and can constrict up to eight enemies at once.
You are partially covered in large bone plates. (SH +4)
You have supernaturally acute eyesight. (SInv)
You are agile. (Dex +4, Str/Int -1)
You are vulnerable to cold. (rC-)


Message History

Unknown command.
No target in view!
No target in view!
Unknown command.
No target in view!
No target in view!
Unknown command.
You open the door. 2 orc priests and 3 orc wizards come into view.
An orc wizard is wielding a +1 dagger of protection.
The orc wizard shouts! x2; The orc priest shouts!
The orc priest moves out of view.
The orc wizard moves out of view.
Found 51 gold pieces.
Found a roughly hewn altar of Beogh.
Found 9 gold pieces.
The orc wizard hits you with a +0 dagger.
The orc wizard misses you.
The orc priest looks braver for a moment.
The orc priest calls down the wrath of Beogh upon you.
Beogh smites you!
The orc wizard points at you and mumbles some strange words.
The magic dart hits you.
* * * LOW HITPOINT WARNING * * *
There is an open door here.
Unknown command.
It was a potion of mutation.
You feel extremely strange.
You feel agile.
Your vision sharpens.
You feel vulnerable to cold.
Large bone plates grow over parts of your tentacles.
The orc wizard gestures wildly while chanting.
The orc wizard flickers and vanishes for a moment.
The orc wizard casts a spell at you. You resist with some effort.
It was a potion of curing.
You feel better. The orc wizard closely misses you.
You block the orc wizard's attack.
The orc priest invokes the aid of Beogh against you.
Beogh smites you!
* * * LOW HITPOINT WARNING * * *
The orc wizard misses you.
The orc priest invokes the aid of Beogh against you.
Beogh smites you!
You die...

# # # ###### ##### ##....# #....
#####..##@# #.#.. ## #.....##ooo#
###.#)#
.#######.††..#$8.8$########......
.'.....'.....#.oo.$#......>......
.#######.....#.8$8$#.........##..
..# #.....##._.########....[.#
..## #......######....##....#.#
...## #.......# #.#.##.##......#
##..## ######### #.#........#.#.#


You could see 2 orc priests and 3 orc wizards.

Vanquished Creatures
  A hound (D:4)
  Jessica (D:2)
  3 adders (D:3)
  A worm (D:3)
  A dart slug (D:4)
  2 orcs (D:3)
  3 endoplasms
  A giant cockroach (D:4)
  5 goblins
  8 hobgoblins
  6 jackals
  7 ball pythons
  4 bats
  A frilled lizard (D:3)
  5 kobolds
  A rat (D:2)
50 creatures vanquished.

Notes
Turn   | Place    | Note
-------+----------+-------------------------------------------
     0 | D:1      | Kurtz the Octopode Fighter began the quest for the Orb.
     0 | D:1      | Reached XP level 1. HP: 16/16 MP: 1/1
   161 | D:1      | Reached XP level 2. HP: 19/21 MP: 2/2
   531 | D:1      | Found a faded altar of an unknown god.
   535 | D:1      | Reached skill level 3 in Axes
   822 | D:2      | Noticed Jessica
   827 | D:2      | Killed Jessica
   828 | D:2      | Reached XP level 3. HP: 19/26 MP: 3/3
   832 | D:2      | Reached skill level 4 in Axes
  1385 | D:3      | Reached XP level 4. HP: 31/31 MP: 4/4
  2100 | D:4      | Reached skill level 5 in Axes
  2100 | D:4      | Reached XP level 5. HP: 21/36 MP: 5/5
  2110 | D:4      | Gained mutation: You are agile. (Dex +4, Str/Int -1)
                  | [potion of mutation]
  2110 | D:4      | Gained mutation: You have supernaturally acute eyesight.
                  | (SInv) [potion of mutation]
  2110 | D:4      | Gained mutation: You are vulnerable to cold. (rC-) [potion
                  | of mutation]
  2110 | D:4      | Gained mutation: You are partially covered in large bone
                  | plates. (SH +4) [potion of mutation]
  2111 | D:4      | Killed from afar by an orc priest

Illustrated notes

Levels and vault maps discovered:
D:1:      saegor_arrival_simple_c, layout_loops_ring,
          ebering_ecumenical_altar_box, roderic_three_in_a_row
D:2:      layout_loops_ring, nicolae_kite_square_tiling_tiny, uniq_jessica
D:3:      layout_basic
D:4:      layout_basic, ebering_ghost_disaster_area, kennysheep_orc_chapel,
          uniq_ijyb, uniq_natasha

Skill      XL: |  1  2  3  4 |
---------------+-------------+-----
Axes           | 3 4 5 |  5.2
Fighting       | |  3.0
Dodging        | |  3.0
Shields        | |  3.0

Action                     |  1- 3 |  4- 6 || total
---------------------------+-------+-------++-------
  Melee: War axe           |    41 |    39 ||    80
         Constrict         |    11 |    12 ||    23
         Tentacles         |     5 |     8 ||    13
         Punch             |     1 |       ||     1
    Use: Potion            |       |     2 ||     2
   Stab: Sleeping          |     2 |     7 ||     9
 Armour: Skin              |    20 |    26 ||    46
  Dodge: Dodged            |    30 |    39 ||    69
  Block: Buckler           |    10 |    16 ||    26

Table legend: (Time is in decaauts)
 A = Elapsed time spent in this place.
 B = Non-inter-level travel time spent in this place.
 C = Inter-level travel time spent in this place.
 D = Time resting spent in this place.
 E = Time spent auto-exploring this place.
 F = Levels seen in this place.
 G = Mean time per level.
                   A        B        C        D        E       F      G
               +--------+--------+--------+--------+--------+-----+--------+
         Total |   2140 |   2039 |    101 |     77 |   1603 |   4 |  535.0 |
       Dungeon |   2140 |   2039 |    101 |     77 |   1603 |   4 |  535.0 |
               +--------+--------+--------+--------+--------+-----+--------+

Top non-repeatable levels by time:
     D:2: 717 daAuts
     D:1: 643 daAuts
     D:3: 625 daAuts
     D:4: 153 daAuts
